 Dungeon Crawl Stone Soup version 0.29-a0-1016-g236c7fd91e (webtiles) character file.

Game seed: 5689039566474055879

21 miscthings the Charlatan (level 3, 0/28 HPs)
             Began as a Meteoran Artificer on Aug 10, 2022.
             Slain by a quokka (3 damage)
             ... on level 3 of the Dungeon.
             The game lasted 00:03:13 (694 turns).

miscthings the Charlatan (Meteoran Artificer)        Turns: 694, Time: 00:03:14

Health: 0/28       AC:  4    Str: 15    XL:     3   Next: 20%
Magic:  4/4        EV: 12    Int: 12    God:
Gold:   12         SH:  0    Dex: 15    Spells: 2/2 levels left

rFire   . . .      SeeInvis .   a - +0 club
rCold   . . .      Faith    .   (no shield)
rNeg    . . .      Spirit   .   b - +0 leather armour
rPois   .          Reflect  .   (no helmet)
rElec   .          Harm     .   (no cloak)
rCorr   .          Rampage  .   k - +0 pair of gloves
Will    .....                   (no boots)
Stlth   +.........              (no amulet)
HPRegen 0.09/turn               (no ring)
MPRegen 0.09/turn               (no ring)

@: glowing
A: sense surroundings 1, otherworldly, glowing, explore regen
a: no special abilities


You were on level 3 of the Dungeon.
You visited 1 branch of the dungeon, and saw 3 of its levels.

You collected 12 gold pieces.

Inventory:

Hand Weapons
 a - a +0 club (weapon)
Armour
 b - a +0 leather armour (worn)
 k - a +0 pair of gloves (worn)
Wands
 c - a wand of flame (14) (quivered)
 d - a wand of charming (15)
 e - a wand of iceblast (9)
Scrolls
 f - a scroll of poison {unknown}
 h - 2 scrolls of enchant armour {unknown}
 i - a scroll of vulnerability {unknown}
 m - a scroll of identify {unknown}
Potions
 g - a potion of heal wounds {unknown}
 j - a potion of degeneration {unknown}
 l - 2 potions of might {unknown}
 n - a potion of mutation {unknown}


   Skills:
 + Level 1.6 Fighting
 + Level 2.8 Armour
 + Level 1.8 Dodging
 + Level 1.1 Stealth
 + Level 3.9 Evocations


You had 2 spell levels left.
You didn't know any spells.
Your spell library was empty.

Dungeon Overview and Level Annotations

Branches:
Dungeon (3/15) Zot: 1078

Altars:


Innate Abilities, Weirdness & Mutations

You passively map a small area around you.
You are easily found by Zot.
You glow in the dark.
You regain HP and MP as you explore.


Message History

You hit the endoplasm.
You kill the endoplasm!
No target in view!
You see here a bat corpse.
You see here a giant cockroach corpse.
The endoplasm quivers.
A kobold and a quokka come into view.
The kobold shouts!
You see here a giant cockroach corpse.
You hit the endoplasm but do no damage. The endoplasm barely misses you.
You hit the endoplasm.
The endoplasm is moderately wounded.
The endoplasm hits you.
You hit the endoplasm.
You kill the endoplasm!
The kobold hits you with a +0 club.
You hit the kobold but do no damage. The kobold hits you but does no damage.
You closely miss the kobold. The kobold hits you with a +0 club.
You are too injured to fight recklessly!
You hit the kobold.
The kobold is severely wounded.
The kobold barely misses you. The kobold hits you with a +0 club.
You closely miss the kobold.
The kobold is severely wounded.
The kobold hits you with a +0 club.
* * * LOW HITPOINT WARNING * * *
You hit the kobold but do no damage.
The kobold is severely wounded.
The kobold closely misses you.
You hit the kobold.
You kill the kobold!
The quokka bites you.
* * * LOW HITPOINT WARNING * * *
You hit the quokka.
The quokka is moderately wounded.
The quokka barely misses you.
You hit the quokka.
The quokka is severely wounded.
The quokka barely misses you. The quokka bites you.
You die...

, #..#.#.# #..#.#.#
#..#.#.#
#########....#.####
#........ #.......#
...<..?.# #...<...#
........# #.......#
,..?.....#
#.......# ........#
#@†######
........####r#
......K.J†..># ,
.............#
.............#
#....##......# ,
#.... #......#
*#... #......#
#.##* #......#


You could see a quokka.

Vanquished Creatures
  A bat (D:3)
  2 endoplasms (D:3)
  A giant cockroach (D:3)
  A goblin (D:2)
  4 jackals (D:2)
  A quokka (D:1)
  4 ball pythons
  4 kobolds
18 creatures vanquished.

Notes
Turn   | Place    | Note
-------+----------+-------------------------------------------
     0 | D:1      | miscthings the Meteoran Artificer began the quest for the
                  | Orb.
     0 | D:1      | Reached XP level 1. HP: 16/16 MP: 2/2
   256 | D:1      | You fall into a shaft and drop 1 floor!
   306 | D:2      | Reached XP level 2. HP: 13/23 MP: 3/3
   402 | D:2      | Reached skill level 1 in Stealth
   649 | D:3      | Reached XP level 3. HP: 16/28 MP: 4/4
   694 | D:3      | Slain by a quokka

Illustrated notes

Levels and vault maps discovered:
D:1:      enne_arrival_octagon_isle, layout_basic,
          ebering_ecumenical_altar_abandoned, minmay_statues_item
D:2:      layout_basic
D:3:      layout_basic, tso_oasis_becter, xom_redecorated, chequers_mini_garden

Skill      XL: |  1  2 |
---------------+-------+-----
Stealth        | 1 |  1.1
Fighting       | |  1.6
Armour         | |  2.8
Dodging        | |  1.8
Evocations     | |  3.9

Action                   || total
-------------------------++-------
Melee: Club              ||    90
Evoke: Wand              ||     1
Armor: Leather armour    ||    33
Dodge: Dodged            ||    55

Table legend: (Time is in decaauts)
 A = Elapsed time spent in this place.
 B = Non-inter-level travel time spent in this place.
 C = Inter-level travel time spent in this place.
 D = Time resting spent in this place.
 E = Time spent auto-exploring this place.
 F = Levels seen in this place.
 G = Mean time per level.
                   A        B        C        D        E       F      G
               +--------+--------+--------+--------+--------+-----+--------+
         Total |    720 |    704 |     16 |      0 |    212 |   3 |  240.0 |
       Dungeon |    720 |    704 |     16 |      0 |    212 |   3 |  240.0 |
               +--------+--------+--------+--------+--------+-----+--------+

Top non-repeatable levels by time:
     D:2: 382 daAuts
     D:1: 269 daAuts
     D:3: 69 daAuts
